 Dungeon Crawl Stone Soup version 0.25-a0-528-g6b7c99946c (webtiles) character file.

Game seed: 6964893947056389746, levelgen mode: classic

56099 EnegeticOcto the Champion of Chaos (level 14, -4/135 HPs)
             Began as a Deep Dwarf Fighter on Feb 19, 2020.
             Was the Champion of Makhleb.
             Slain by a 14-headed hydra (6 damage)
             ... on level 2 of the Lair of Beasts.
             The game lasted 00:09:27 (10645 turns).

EnegeticOcto the Champion of Chaos (DDFi)          Turns: 10645, Time: 00:09:27

Health: -4/135     AC: 20    Str: 28    XL:     14   Next: 40%
Magic:  13/13      EV:  7    Int:  6    God:    Makhleb [******]
Gold:   657        SH: 20    Dex: 12    Spells: 13/13 levels left

rFire    + + .     SeeInvis .   a - +1 war axe
rCold    + . .     Gourm    .   u - +0 tower shield
rNeg     + . .     Faith    .   L - +4 plate armour {rF+}
rPois    .         Spirit   .   B - +0 helmet
rElec    .         Reflect  .   I - scarf {rC+ rF+}
rCorr    +         Harm     +   (no gloves)
MR       +++..                  (no boots)
Stlth    ..........             x - amulet of harm
HPRegen  0.00/turn              c - ring of resist corrosion
MPRegen  0.13/turn              b - ring of protection from magic

@: non-regenerating
A: damage resistance, heal wounds, talons 1, dopey 1, negative energy resistance
1, sense surroundings 2, strong 1, no regeneration
a: Heal Wounds, Minor Destruction, Lesser Servant of Makhleb, Major Destruction,
Greater Servant of Makhleb, Renounce Religion


You were on level 2 of the Lair of Beasts.
You worshipped Makhleb.
Makhleb was exalted by your worship.
You were very hungry.

You visited 3 branches of the dungeon, and saw 18 of its levels.

You collected 1437 gold pieces.
You spent 780 gold pieces at shops.

Inventory:

Hand Weapons
 a - a +1 war axe (weapon)
 g - a +1 demon whip of electrocution
 y - the +8 autumn katana {vorpal, Clar}
   (You found it on level 7 of the Dungeon)

   It inflicts extra damage upon your enemies.
   It protects you against confusion.
Armour
 u - a +0 tower shield (worn)
 B - a +0 helmet (worn)
 I - a scarf of resistance (worn)
 L - a +4 plate armour of fire resistance (worn)
Jewellery
 b - a ring of protection from magic (right hand)
 c - a ring of resist corrosion (left hand)
 x - an amulet of harm (around neck)
Wands
 f - a wand of flame (57)
 o - a wand of polymorph (24)
 t - a wand of enslavement (24)
 v - a wand of iceblast (36)
 F - a wand of paralysis (6)
 G - a wand of acid (15) {@v1}
Scrolls
 d - 6 scrolls of enchant weapon
 i - 3 scrolls of immolation {@r4}
 l - 5 scrolls of fog
 r - 7 scrolls of identify {@r1}
 A - 13 scrolls of remove curse {@r6}
 H - a scroll of teleportation {@r2}
 K - 2 scrolls of amnesia
Potions
 h - a potion of brilliance {unknown}
 j - a potion of stabbing {@q5}
 k - 2 potions of might {@q3}
 m - 2 potions of resistance {@q6}
 n - 2 potions of haste {@q4}
 p - a potion of magic {unknown}
 q - 4 potions of curing {@q1}
 s - a potion of flight {unknown}
 z - 3 potions of lignification {@q7}
 C - 5 potions of heal wounds {@q2}
 D - a potion of cancellation
 E - 3 potions of ambrosia
 J - a potion of mutation
Miscellaneous
 M - a lamp of fire (inert)
Comestibles
 e - 35 rations


   Skills:
 * Level 11.6 Fighting
 * Level 13.3 Axes
 + Level 10.2 Armour
 - Level 4.4 Dodging
 * Level 12.9 Shields
 * Level 14.3 Invocations


You had 13 spell levels left.
You didn't know any spells.
Your spell library was empty.

Dungeon Overview and Level Annotations

Branches:
Dungeon (15/15)            Temple (1/1) D:5            Lair (2/6) D:8
    Orc (0/2) D:11         Vaults (0/5) D:14         Depths (0/5) D:15
  Swamp: Lair:2-4    Shoals: Lair:2-4     Snake: Lair:2-4    Spider: Lair:2-4

Altars:
Ashenzari
Dithmenos
Elyvilon
Fedhas
Gozag
Hepliaklqana
Makhleb
Nemelex Xobeh
Okawaru
Trog
Uskayaw
Wu Jian
Xom
Yredelemnul
Zin
The Shining One
Beogh

Shops:
D:8 (   D:12 [

Annotations:
D:9 3 runed translucent doors, Xiext's ghost, novice FoFi
Lair:2 exclusion: 2 oklob plants


Innate Abilities, Weirdness & Mutations

You are resistant to damage.
You can heal yourself by infusing magical energy.
You resist negative energy. (rN+)
You passively map the area around you.
You do not regenerate.
You have sharp toenails.
You are dopey. (Int -2)
Your muscles are strong. (Str +2)


Message History

The ten-headed hydra bites you but does no damage.
You lop one of the ten-headed hydra's heads off!
The nine-headed hydra grows two more!
You slash the 11-headed hydra!
The 11-headed hydra is heavily wounded.
The 11-headed hydra bites you.
The 11-headed hydra bites you but does no damage.
You block the 11-headed hydra's attack. x2
The 11-headed hydra bites you but does no damage. x2
You block the 11-headed hydra's attack.
The 11-headed hydra bites you but does no damage. x2
You block the 11-headed hydra's attack.
The 11-headed hydra bites you but does no damage.
The blink frog blinks!
A porcupine comes into view.
You lop one of the 11-headed hydra's heads off!
The ten-headed hydra grows two more!
You hit the 12-headed hydra.
You claw the 12-headed hydra, but do no damage.
The 12-headed hydra is moderately wounded.
The 12-headed hydra bites you. You block the 12-headed hydra's attack.
The 12-headed hydra bites you!
The 12-headed hydra bites you but does no damage. x3
The 12-headed hydra completely misses you.
You block the 12-headed hydra's attack. The 12-headed hydra closely misses you.
The 12-headed hydra barely misses you.
The 12-headed hydra bites you but does no damage.
The 12-headed hydra bites you.
You hack one of the 12-headed hydra's heads off!
The 11-headed hydra grows two more!
You slice the 13-headed hydra!! You claw the 13-headed hydra!
The 13-headed hydra is severely wounded.
You block the 13-headed hydra's attack.
The 13-headed hydra bites you but does no damage. x2
You block the 13-headed hydra's attack. The 13-headed hydra barely misses you.
The 13-headed hydra bites you but does no damage.
You block the 13-headed hydra's attack.
The 13-headed hydra bites you but does no damage.
The 13-headed hydra bites you. x2
The 13-headed hydra bites you but does no damage.
You block the 13-headed hydra's attack.
The 13-headed hydra bites you but does no damage.
You hit the 13-headed hydra. You claw the 13-headed hydra!
The 13-headed hydra is almost dead.
You slash the blink frog!
The blink frog blinks!
The 13-headed hydra bites you. You block the 13-headed hydra's attack.
The 13-headed hydra bites you but does no damage.
The 13-headed hydra bites you.
The 13-headed hydra bites you but does no damage. x4
You block the 13-headed hydra's attack.
The 13-headed hydra bites you but does no damage. x2
You block the 13-headed hydra's attack.
The 13-headed hydra bites you but does no damage.
Your shield and plate armour prevent you from hitting the 13-headed hydra.
Your kick misses the 13-headed hydra.
The 13-headed hydra is almost dead.
You hit the blink frog. You block the blink frog's attack.
The blink frog blinks!
The 13-headed hydra bites you.
The 13-headed hydra bites you but does no damage.
You block the 13-headed hydra's attack. x2
The 13-headed hydra bites you but does no damage.
The 13-headed hydra barely misses you. The 13-headed hydra bites you.
The 13-headed hydra bites you but does no damage. x3
The 13-headed hydra misses you.
The 13-headed hydra bites you but does no damage.
The 13-headed hydra bites you.
You chop one of the 13-headed hydra's heads off!
The 12-headed hydra grows two more!
You slash the 14-headed hydra! You claw the 14-headed hydra.
The 14-headed hydra is almost dead.
You slash the blink frog! The blink frog hits you!
The 14-headed hydra bites you but does no damage.
The 14-headed hydra barely misses you. You block the 14-headed hydra's attack.
The 14-headed hydra bites you but does no damage.
The 14-headed hydra barely misses you. You block the 14-headed hydra's attack.
The 14-headed hydra closely misses you. The 14-headed hydra bites you.
The 14-headed hydra bites you but does no damage.
You block the 14-headed hydra's attack.
The 14-headed hydra bites you but does no damage.
The 14-headed hydra bites you. The 14-headed hydra bites you!
* * * LOW HITPOINT WARNING * * *
The 14-headed hydra barely misses you. The blink frog hits you!
* * * LOW HITPOINT WARNING * * *
The blink frog blinks!
A demon appears!
You block the blink frog's attack.
You block the 14-headed hydra's attack. x2
The 14-headed hydra bites you but does no damage.
The 14-headed hydra bites you.
* * * LOW HITPOINT WARNING * * *
The 14-headed hydra barely misses you. The 14-headed hydra bites you.
You block the 14-headed hydra's attack. The 14-headed hydra bites you!
* * * LOW HITPOINT WARNING * * *
The 14-headed hydra bites you but does no damage.
The 14-headed hydra bites you.
* * * LOW HITPOINT WARNING * * *
The 14-headed hydra bites you but does no damage.
The 14-headed hydra closely misses you.
You block the 14-headed hydra's attack. x2
A demon appears!
The porcupine barely misses you.
The blink frog blinks!
You block the 14-headed hydra's attack.
The 14-headed hydra bites you but does no damage. x2
You block the 14-headed hydra's attack. The 14-headed hydra bites you.
You die...

.P* .P* ### ## .? ### #.#
*## #.# * *
P.###.###.#######.##P.## **
* ............^...........
,, ,
........................ ,,
........................
##..P...###...3..F#..... ,
, ,
#............#.@r.....F,,,,
##.#...........§D......,
##.P.............3..... , ,
#P...............P..... ,
,, ##.P.............P.....
* , #...........#...#.....
,, ,
##..................... , ,
#P................PP##., *
, ##................... , ,


You could see a 14-headed hydra, 2 blink frogs, a porcupine and 2 friendly smoke
demons.

Vanquished Creatures
  A dire elephant (D:15)
  7 centaur warriors
  A hydra (D:15)
  6 two-headed ogres
  Erica (D:11)
  2 death knights
  A tengu warrior (D:14)
  2 deep elf knights (D:11)
  4 unseen horrors
  2 orc knights
  Pikel (D:8)
  14 ugly things
  An orc sorcerer (D:15)
  7 cyclopes
  A deep elf mage (D:14)
  2 manticores
  A salamander (D:15)
  A centaur zombie (D:14)
  A black mamba (Lair:2)
  A gargoyle (D:14)
  Maggie (D:8)
  5 spiny frogs
  4 efreet
  3 freezing wraiths
  4 komodo dragons
  A meliai (D:14)
  A polar bear (Lair:2)
  9 trolls
  A hornet (D:14)
  3 slime creatures
  3 blink frogs (Lair:2)
  5 hippogriffs
  3 centaur simulacra (D:13)
  18 yaks
  2 wyverns
  5 wraiths
  2 basilisks (D:14)
  A vampire (D:12)
  2 hungry ghosts
  A vampire mosquito (D:14)
  Edmund (D:5)
  A warg (D:15)
  7 water moccasins
  2 acid dragons
  A porcupine (Lair:2)
  17 orc warriors
  5 sky beasts
  20 ice beasts
  A black bear (shapeshifter) (D:14)
  4 black bears
  An eye of draining (shapeshifter) (D:14)
  A necrophage (D:12)
  6 ogres
  7 wolves
  3 phantoms
  21 centaurs
  3 big kobolds
  12 bullfrogs
  A gnoll sergeant (D:8)
  A hornet simulacrum (D:13)
  A wyvern skeleton (D:14)
  2 scorpions
  13 wights
  10 killer bees
  5 electric eels (D:11)
  6 crimson imps
  A bullfrog zombie (D:8)
  6 jellies
  A bullfrog skeleton (D:4)
  6 hounds
  4 orc priests
  A gnoll shaman (D:8)
  10 orc wizards
  6 centaur skeletons
  5 worker ants
  5 iguanas
  A killer bee zombie (D:8)
  A hound zombie (D:5)
  A worker ant zombie (D:6)
  7 gnolls (D:8)
  5 adders
  2 howler monkey skeletons
  4 shadow imps
  3 white imps (D:13)
  2 ufetubi (D:13)
  An adder zombie (D:8)
  An adder skeleton (D:4)
  4 leopard geckos
  41 orcs
  2 giant cockroaches
  2 goblins (D:1)
  4 hobgoblins
  4 jackals (D:4)
  5 quokkas
  A ball python (D:1)
  A bat (D:1)
  2 frilled lizards
  A jackal skeleton (D:8)
  A jackal zombie (D:8)
  15 kobolds
  2 leopard gecko skeletons
  2 fungi (Lair:2)
443 creatures vanquished.

Vanquished Creatures (collateral kills)
  A hydra (D:15)
  An orc knight (D:15)
  A wolf spider (D:15)
  3 slime creatures (D:15)
  2 orc warriors (D:15)
8 creatures vanquished.

Vanquished Creatures (others)
  An unseen horror (D:14)
  A centaur simulacrum (D:14)
  A jelly (D:14)
  2 plants (Lair:2)
5 creatures vanquished.

Grand Total: 456 creatures vanquished

Notes
Turn   | Place    | Note
-------+----------+-------------------------------------------
     0 | D:1      | EnegeticOcto the Deep Dwarf Fighter began the quest for the
                  | Orb.
     0 | D:1      | Reached XP level 1. HP: 20/20 MP: 1/1
   123 | D:2      | Reached XP level 2. HP: 24/27 MP: 2/2
   285 | D:4      | Reached skill level 1 in Dodging
   285 | D:4      | Reached XP level 3. HP: 19/34 MP: 3/3
   313 | D:4      | Reached XP level 4. HP: 41/42 MP: 4/4
   482 | D:4      | Noticed an ogre
   489 | D:4      | Killed an ogre
   489 | D:4      | Reached XP level 5. HP: 41/50 MP: 5/5
   613 | D:4      | Noticed an ogre
   619 | D:4      | Killed an ogre
   619 | D:4      | Reached XP level 6. HP: 28/57 MP: 6/6
   786 | D:4      | Found a bloodstained altar of Trog.
  1047 | D:5      | Entered Level 5 of the Dungeon
  1160 | D:5      | Noticed Edmund
  1182 | D:5      | Killed Edmund
  1182 | D:5      | Reached XP level 7. HP: 42/66 MP: 7/7
  1192 | D:5      | Reached skill level 5 in Axes
  1596 | D:5      | Found a staircase to the Ecumenical Temple.
  1738 | Temple   | Entered the Ecumenical Temple
  1766 | Temple   | Became a worshipper of Makhleb the Destroyer
  2099 | D:6      | Reached skill level 5 in Fighting
  2099 | D:6      | Reached skill level 1 in Invocations
  2185 | D:6      | Reached skill level 2 in Invocations
  2267 | D:6      | Noticed a two-headed ogre
  2293 | D:6      | Killed a two-headed ogre
  2293 | D:6      | Reached skill level 5 in Armour
  2293 | D:6      | Reached skill level 5 in Shields
  2293 | D:6      | Reached skill level 4 in Invocations
  2293 | D:6      | Reached XP level 8. HP: 40/76 MP: 4/7
  2769 | D:6      | Found a sparkling altar of Nemelex Xobeh.
  2842 | D:7      | Gained mutation: You passively map the area around you.
                  | [Deep Dwarf growth]
  2842 | D:7      | Reached XP level 9. HP: 48/82 MP: 8/8
  2966 | D:7      | Reached * piety under Makhleb
  2966 | D:7      | Reached skill level 5 in Invocations
  3308 | D:7      | Found the +8 autumn katana {vorpal, Clar}
  3479 | D:8      | Found a staircase to the Lair.
  3555 | D:8      | Noticed a two-headed ogre
  3563 | D:8      | Killed a two-headed ogre
  3563 | D:8      | Reached skill level 6 in Invocations
  3588 | D:8      | Noticed Maggie
  3592 | D:8      | Reached ** piety under Makhleb
  3604 | D:8      | Killed Maggie
  3604 | D:8      | Reached skill level 7 in Invocations
  3674 | D:8      | Found a hide-covered altar of Uskayaw.
  3686 | D:8      | Reached XP level 10. HP: 55/94 MP: 11/11
  3871 | D:8      | Found a hazy altar of Hepliaklqana.
  3920 | D:8      | Noticed Pikel
  3937 | D:8      | Killed Pikel
  3951 | D:8      | Found Sosicoss's Antique Weapon Emporium.
  4022 | D:8      | Reached skill level 8 in Invocations
  4217 | D:9      | Found a runed translucent gate.
  4217 | D:9      | Found a runed translucent gate.
  4217 | D:9      | Found a runed translucent gate.
  4219 | D:9      | Noticed a deep elf mage
  4220 | D:9      | Noticed Xiext's ghost (novice FoFi)
  4271 | D:9      | Reached *** piety under Makhleb
  4333 | D:9      | Noticed a two-headed ogre
  4341 | D:9      | Killed a two-headed ogre
  4374 | D:9      | Gained mutation: You are dopey. (Int -2) [potion of
                  | mutation]
  4374 | D:9      | Gained mutation: Your muscles are strong. (Str +2) [potion
                  | of mutation]
  4374 | D:9      | Gained mutation: You have sharp toenails. [potion of
                  | mutation]
  4499 | D:9      | Found an iron altar of Okawaru.
  4499 | D:9      | Found a white marble altar of Elyvilon.
  4591 | D:10     | Entered Level 10 of the Dungeon
  4788 | D:10     | Reached skill level 9 in Invocations
  4819 | D:10     | Reached XP level 11. HP: 88/103 MP: 13/13
  5281 | D:11     | Reached **** piety under Makhleb
  5522 | D:11     | Noticed a deep elf knight
  5523 | D:11     | Noticed a deep elf knight
  5527 | D:11     | Noticed an orc knight
  5536 | D:11     | Noticed Erica
  5541 | D:11     | Killed a deep elf knight
  5541 | D:11     | Reached skill level 10 in Axes
  5541 | D:11     | Reached skill level 10 in Invocations
  5544 | D:11     | Killed a deep elf knight
  5551 | D:11     | Killed an orc knight
  5570 | D:11     | Killed Erica
  5603 | D:11     | Found a staircase to the Orcish Mines.
  5935 | D:12     | Found Xedduata's Antique Armour Boutique.
  5956 | D:12     | Found a roughly hewn altar of Beogh.
  6000 | D:12     | Reached ***** piety under Makhleb
  6084 | D:12     | Reached skill level 10 in Shields
  6084 | D:12     | Reached XP level 12. HP: 109/114 MP: 14/14
  6332 | D:12     | Reached skill level 11 in Invocations
  7305 | D:14     | Noticed a centaur warrior
  7308 | D:14     | Noticed a centaur warrior
  7310 | D:14     | Noticed a centaur warrior
  7318 | D:14     | Killed a centaur warrior
  7327 | D:14     | Killed a centaur warrior
  7327 | D:14     | Reached skill level 10 in Fighting
  7334 | D:14     | Killed a centaur warrior
  7334 | D:14     | Reached skill level 12 in Invocations
  7341 | D:14     | Noticed a death knight
  7385 | D:14     | Killed a death knight
  7387 | D:14     | Reached ****** piety under Makhleb
  7393 | D:14     | Reached XP level 13. HP: 104/123 MP: 16/16
  7575 | D:14     | Found a blossoming altar of Fedhas.
  7738 | D:14     | Reached skill level 13 in Invocations
  8346 | D:14     | Found a gate to the Vaults.
  8400 | D:15     | Entered Level 15 of the Dungeon
  8824 | D:15     | Noticed a dire elephant
  8872 | D:15     | Gained mutation: You resist negative energy. (rN+) [Deep
                  | Dwarf growth]
  8872 | D:15     | Reached XP level 14. HP: 85/135 MP: 13/13
  8970 | D:15     | Found a staircase to the Depths.
  9009 | D:15     | Reached skill level 10 in Armour
  9009 | D:15     | Reached skill level 14 in Invocations
  9502 | Lair:1   | Entered Level 1 of the Lair of Beasts
  9619 | D:12     | Bought a runed plate armour for 780 gold pieces
 10644 | Lair:2   | HP: 6/135 [14-headed hydra (5)]
 10645 | Lair:2   | Slain by a 14-headed hydra

Levels and vault maps discovered:
D:1:      sevenhm_arrival_forest_fort_large_4, layout_loops_ring, serial_forest,
          infiniplex_forest_straight_2, infiniplex_forest_lined_room_,
          infiniplex_forest_lined_1, infiniplex_forest_straight_2
D:2:      layout_basic, minmay_pentomino_x4, uniq_crazy_yiuf_cottage
D:3:      layout_basic, first_ration, minmay_pentangle
D:4:      layout_loops_ring, bloody_trog, saegor_snake_ambush
D:5:      layout_loops_corners, minmay_temple_entry_grid, uniq_edmund
D:6:      layout_basic, marbit_many_paths
D:7:      minmay_clustersquares, layout_basic, serial_corexii_hall,
          chequers_hall_statues_corner_a, corexii_hall_statues_i
D:8:      minmay_recursive_quarters, layout_basic, lemuel_round_altar,
          eat_drink_and_be_merry_uskayaw, lair_entry_dummy, serial_shops,
          nicolae_shop_waterfront, uniq_maggie, uniq_pikel
D:9:      layout_rooms, amethyst_overflow_temple_binary, gammafunk_ghost_split
D:10:     layout_loops_ring
D:11:     minmay_twisted_water, layout_irregular_city, orc_0_dummy,
          blue_anna_alchemist [blue_anna_fruit_fields, blue_anna_fruit_fields],
          sword_in_stone
D:12:     layout_basic, special_room [special_room_orc], serial_shops,
          nicolae_shop_crystal
D:13:     layout_roguey, serial_ice, serial_ice_l, serial_ice_h, serial_ice_f,
          serial_ice_g
D:14:     minmay_the_grid_square_5x5_4x4_mashed
          [minmay_the_grid_square_5x5_three, minmay_the_grid_square_5x5_corner,
          minmay_the_grid_square_5x5_moneybag,
          minmay_the_grid_square_5x5_checkered,
          minmay_the_grid_square_5x5_slash,
          minmay_the_grid_square_5x5_prize_snowflake,
          minmay_the_grid_square_5x5_prize_waves,
          minmay_the_grid_square_5x5_pentomino_r,
          minmay_the_grid_square_5x5_broken_cross,
          minmay_the_grid_square_5x5_prize_itemx,
          minmay_the_grid_square_5x5_prize_junk, minmay_the_grid_square_5x5_meh,
          minmay_the_grid_square_5x5_n_small, minmay_the_grid_square_5x5_lines,
          minmay_the_grid_square_5x5_forky,
          minmay_the_grid_square_5x5_sharp_hourglass], layout_stronghold,
          david_vaults_1, hangedman_decor_peaks_small, basic_altar,
          nicolae_twisting_strands
D:15:     hangedman_depths_entry_try_elsewhere_first, layout_gridville
Temple:   compressed_dpeg_circular_temple
Lair:1:   layout_roguey
Lair:2:   layout_chaotic_city, lemuel_fruit_tree, serial_bayou_shore_b,
          grunt_megastairs_5, minmay_lair_oklob_chamber

Skill      XL: |  1  2  3  4  5  6  7  8  9 10 11 12 13 14 |
---------------+-------------------------------------------+-----
Fighting       | 3 4 5 6 7 8 9 10 11 | 11.6
Axes           | 3 4 6 8 9 10 11 12 13 | 13.3
Dodging        | 1 2 3 4 |  4.4
Armour         | 4 5 6 7 8 9 10 | 10.2
Shields        | 4 5 7 8 10 11 12 | 12.9
Invocations    | 4 7 9 10 12 13 14 | 14.3

Action                   |  1- 3 |  4- 6 |  7- 9 | 10-12 | 13-15 || total
-------------------------+-------+-------+-------+-------+-------++-------
Melee: War axe           |    51 |   109 |   172 |   477 |   523 ||  1332
       Katana            |       |       |    74 |   130 |       ||   204
       Kick              |       |       |       |   212 |   222 ||   434
       Demon whip        |       |       |       |       |     2 ||     2
Invok: Lesser Servant of |       |       |       |       |    12 ||    12
 Abil: Heal Wounds       |     1 |     2 |    16 |    18 |    19 ||    56
Evoke: Wand              |       |       |       |     5 |     5 ||    10
       Lamp of fire      |       |       |       |       |     1 ||     1
  Use: Scroll            |       |     6 |       |    15 |     8 ||    29
       Potion            |       |       |       |     2 |     1 ||     3
 Stab: Paralysed         |       |       |       |     4 |       ||     4
       Distracted        |       |       |       |       |     2 ||     2
  Eat: Chunk             |       |       |     6 |    14 |    12 ||    32
       Ration            |       |       |     1 |       |       ||     1
Armor: Scale mail        |    15 |       |       |       |       ||    15
       Plate armour      |    14 |    54 |   158 |   331 |   285 ||   842
       Chain mail        |       |     2 |       |       |       ||     2
Dodge: Dodged            |    18 |    20 |   109 |   118 |   132 ||   397
Block: Kite shield       |    35 |    64 |   158 |       |       ||   257
       Tower shield      |       |       |   116 |   680 |   610 ||  1406
       Rpst.: Katana     |       |       |     5 |    14 |       ||    19

Table legend:
 A = Non-vault XP
 B = Vault XP
 C = Vault XP percentage of total XP
 D = Non-vault monster count
 E = Vault monster count
 F = Vault count percentage of total count
                 A         B        C        D         E       F
            +---------+---------+-------+---------+---------+-------
      Total |   53643 |   26499 |  33.1 |     335 |     115 |  25.6
            +---------+---------+-------+---------+---------+-------
        D:1 |      11 |       0 |   0.0 |       7 |       0 |   0.0
        D:2 |       3 |       0 |   0.0 |       2 |       0 |   0.0
        D:3 |       1 |      18 |  94.7 |       1 |       4 |  80.0
        D:4 |     564 |       0 |   0.0 |      17 |       0 |   0.0
        D:5 |     266 |     164 |  38.1 |       5 |       1 |  16.7
        D:6 |    1430 |      16 |   1.1 |      13 |       1 |   7.1
        D:7 |     638 |     310 |  32.7 |      16 |       4 |  20.0
        D:8 |    2848 |    1132 |  28.4 |      50 |       7 |  12.3
        D:9 |    1611 |       0 |   0.0 |       9 |       0 |   0.0
       D:10 |    2640 |       0 |   0.0 |      25 |       0 |   0.0
       D:11 |    3624 |    4593 |  55.9 |      36 |      15 |  29.4
       D:12 |    2897 |    1575 |  35.2 |      13 |      24 |  64.9
       D:13 |    3061 |    1902 |  38.3 |      18 |      17 |  48.6
       D:14 |   15632 |   13711 |  46.7 |      51 |      38 |  42.7
       D:15 |   11733 |    3078 |  20.8 |      44 |       4 |   8.3
     Lair:1 |    2026 |       0 |   0.0 |       8 |       0 |   0.0
     Lair:2 |    4658 |       0 |   0.0 |      20 |       0 |   0.0
            +---------+---------+-------+---------+---------+-------
